 Dungeon Crawl Stone Soup version 0.31-a0-198-g2ad674f65e (webtiles) character file.

Game seed: 13728376228175055025

1413 rabbitsville the Fighter (level 8, -7/62 (74) HPs)
             Began as a Hill Orc Fighter on June 25, 2023.
             Was an Initiate of Makhleb.
             Mangled by a wight
             ... wielding a +0 flail
              (9 damage)
             ... on level 6 of the Dungeon.
             The game lasted 00:10:23 (5555 turns).

rabbitsville the Fighter (Hill Orc Fighter)         Turns: 5555, Time: 00:10:24

HP:   -7/62 (74)    AC:  8    Str: 31    XL:     8   Next: 71%
MP:   8/8           EV: 15    Int:  7    God:    Makhleb [......]
Gold: 268           SH:  5    Dex:  9    Spells: 7/7 levels left

rFire   . . .        G - +3 flail
rCold   . . .        c - +0 buckler
rNeg    . . .        b - +0 scale mail
rPois   .            k - +0 helmet
rElec   .            (no cloak)
rCorr   .            (no gloves)
SInv    .            (no boots)
Will    +....        q - amulet of the acrobat Stlth
                     l - +6 ring of strength
HPRegen 0.30/turn    j - +5 ring of evasion
MPRegen 0.11/turn

%: acrobat
@: enlightened, flying, hasted, heavily drained, unable to drink, very quick
A: hooves 1, strong 1, inability to drink after injury 1, MP-powered wands
a: Renounce Religion


You were on level 6 of the Dungeon.
You worshipped Makhleb.
Makhleb was noncommittal.
You visited 2 branches of the dungeon, and saw 7 of its levels.

You collected 268 gold pieces.

Inventory:

Hand Weapons
 a - a +0 flail
 G - a +3 flail (weapon)
Armour
 b - a +0 scale mail (worn)
 c - a +0 buckler (worn)
 k - a +0 helmet (worn)
Jewellery
 j - a +5 ring of evasion (right hand)
 l - a +6 ring of strength (left hand)
 q - an amulet of the acrobat (around neck)
Scrolls
 f - 2 scrolls of enchant armour {unknown}
 h - 4 scrolls of poison {unknown}
 i - a scroll of fear {unknown}
 n - a scroll of identify {unknown}
 p - 2 scrolls of vulnerability {unknown}
 r - 2 scrolls of teleportation {unknown}
 s - 2 scrolls of enchant weapon {unknown}
 v - a scroll of revelation {unknown}
 w - a scroll of butterflies {unknown}
 x - a scroll of immolation {unknown}
 y - a scroll of noise {unknown}
 C - a scroll of fog {unknown}
 F - a scroll of blinking {unknown}
Potions
 d - 2 potions of might
 e - a potion of enlightenment
 g - a potion of mutation
 m - a potion of haste
 o - 2 potions of curing
 t - a potion of magic {unknown}
 u - a potion of brilliance {unknown}
 z - a potion of invisibility {unknown}
 A - 2 potions of degeneration {unknown}
 B - 2 potions of resistance {unknown}
 D - a potion of heal wounds {unknown}
 E - a potion of berserk rage {unknown}


   Skills:
 + Level 8.1 Fighting
 + Level 6.9 Maces & Flails
 - Level 3.2 Armour
 + Level 7.3 Shields


You had 7 spell levels left.
You didn't know any spells.
Your spell library contained the following spells:

 Spells                   Type           Power      Damage    Failure   Level
 Shock                    Conj/Air       0%         1d3       71%         1
 Call Canine Familiar     Summ           0%         N/A       97%         3
 Inner Flame              Hex/Fire       0%         N/A       97%         3
 Portal Projectile        Hex/Tloc       0%         N/A       97%         3
 Swiftness                Air            0%         N/A       97%         3
 Tukima's Dance           Hex            0%         N/A       97%         3
 Airstrike                Air            0%         2d(0-16)  100%        4
 Leda's Liquefaction      Hex/Erth       0%         N/A       100%        4
 Passage of Golubria      Tloc           0%         N/A       100%        4
 Yara's Violent Unravell  Hex/Tmut       0%         3d3       100%        5
 Enfeeble                 Hex            0%         N/A       100%        7


Dungeon Overview and Level Annotations

Branches:
Dungeon (6/15)             Temple (1/1) D:4

Altars:
Ashenzari
Cheibriados
Dithmenos
Fedhas
Gozag
Kikubaaqudgha
Makhleb
Sif Muna
Trog
Uskayaw

Shops:
D:2 *

Annotations:
D:4 3 runed translucent doors, Gorgondantess's ghost, amateur TeAE
D:5 3 runed translucent doors, pokeman's ghost, amateur DEHW


Innate Abilities, Weirdness & Mutations

You have large cloven feet.
Your muscles are strong. (Str +4, Int/Dex -1)
You occasionally lose the ability to drink potions when taking damage.
You expend magic power (3 MP) to strengthen your wands.


Message History

You feel drained. The wight hits you with a +0 flail.
You feel drained.
You hit the wight.
The wight is moderately damaged.
The wight misses you. The wight closely misses you.
You barely miss the wight.
The wight is moderately damaged.
The wight hits you with a +0 flail.
You feel drained. The wight closely misses you.
You see here a +0 robe of willpower.
The wight attacks as you move away! The wight completely misses you.
You completely miss the wight.
The wight is moderately damaged.
The wight closely misses you. You block the wight's attack.
You hit the wight.
The wight is moderately damaged.
The wight closely misses you.
The wight hits you from afar with a +0 halberd!
You feel drained.
* * * LOW HITPOINT WARNING * * *
It was a potion of curing.
You feel better. You block the wight's attack.
The wight hits you from afar with a +0 halberd!
* * * LOW HITPOINT WARNING * * *
You feel drained.
* * * LOW HITPOINT WARNING * * *
It was a potion of mutation.
You feel extremely strange.
You feel your magical essence link to the dungeon's wands.
Your feet thicken and deform.
You occasionally lose the ability to drink potions when taking damage.
You feel stronger. The wight misses you. You block the wight's attack.
Unknown command.
It was a potion of enlightenment.
You feel very buoyant.
You fly up into the air.
The wight barely misses you.
The wight hits you from afar with a +0 halberd.
* * * LOW HITPOINT WARNING * * *
It was a potion of haste.
You feel yourself speed up. You block the wight's attack.
The wight hits you with a +0 flail!
You feel threatened and lose the ability to drink potions!
You die...

############
#.....@zz..#
#.########.# #.# ... #.#
....[ #.# ....... #.#
....... #.# .####..
##.#####################
#.....................>.


You could see 2 wights.

Vanquished Creatures
  Pikel (D:5)
  Sigmund (D:3)
  Pargi (D:3)
  A black bear (D:4)
  A phantom (D:5)
  3 lemures (D:5)
  A wight (D:6)
  3 hounds (D:5)
  2 orc priests (D:3)
  4 iguanas
  Robin (D:3)
  3 gnolls (D:5)
  7 adders
  An ufetubus (D:6)
  3 worms
  3 dart slugs (D:1)
  5 orcs
  9 ball pythons
  11 endoplasms
  8 giant cockroaches
  16 goblins
  13 hobgoblins
  2 jackals (D:1)
  12 kobolds
  4 quokkas
  4 bats
  4 frilled lizards
  5 rats
129 creatures vanquished.

Notes
Turn   | Place    | Note
-------+----------+-------------------------------------------
     0 | D:1      | rabbitsville the Hill Orc Fighter began the quest for the
                  | Orb.
     0 | D:1      | Reached XP level 1. HP: 19/19 MP: 1/1
    57 | D:1      | Found a faded altar of an unknown god.
    70 | D:1      | Reached XP level 2. HP: 27/27 MP: 2/2
   156 | D:1      | Reached skill level 4 in Fighting
   470 | D:1      | Reached XP level 3. HP: 24/33 MP: 3/3
  1070 | D:2      | Reached XP level 4. HP: 29/41 MP: 4/4
  1604 | D:2      | Found Rysic's Assorted Antiques.
  2073 | D:3      | Noticed Robin
  2099 | D:3      | Killed Robin
  2146 | D:3      | Reached XP level 5. HP: 38/47 MP: 5/5
  2285 | D:3      | Reached skill level 5 in Fighting
  2456 | D:3      | Noticed Pargi
  2474 | D:3      | Killed Pargi
  2475 | D:3      | Reached skill level 5 in Shields
  2475 | D:3      | Reached XP level 6. HP: 40/57 MP: 6/6
  2818 | D:3      | Found a snail-covered altar of Cheibriados.
  2849 | D:3      | Noticed Sigmund
  2874 | D:3      | Killed Sigmund
  2875 | D:3      | Reached skill level 6 in Fighting
  2875 | D:3      | Reached skill level 5 in Maces & Flails
  2875 | D:3      | Reached XP level 7. HP: 27/63 MP: 7/7
  3106 | D:4      | Found a shimmering blue altar of Sif Muna.
  3524 | D:4      | Found a staircase to the Ecumenical Temple.
  3531 | Temple   | Entered the Ecumenical Temple
  3616 | Temple   | Became a worshipper of Makhleb the Destroyer
  3859 | D:4      | Found a runed translucent gate.
  3859 | D:4      | Found a runed translucent gate.
  3859 | D:4      | Found a runed translucent gate.
  3860 | D:4      | Noticed Gorgondantess's ghost (amateur TeAE)
  3954 | D:5      | Entered Level 5 of the Dungeon
  4503 | D:5      | Found a runed translucent gate.
  4503 | D:5      | Found a runed translucent gate.
  4503 | D:5      | Found a runed translucent gate.
  4504 | D:5      | Noticed pokeman's ghost (amateur DEHW)
  4737 | D:5      | Noticed Pikel
  4757 | D:5      | Reached skill level 7 in Fighting
  4902 | D:5      | Killed Pikel
  4903 | D:5      | Reached XP level 8. HP: 45/74 MP: 8/8
  5261 | D:5      | Reached skill level 8 in Fighting
  5553 | D:6      | Gained mutation: You expend magic power (3 MP) to
                  | strengthen your wands. [potion of mutation]
  5553 | D:6      | Gained mutation: You have large cloven feet. [potion of
                  | mutation]
  5553 | D:6      | Gained mutation: You occasionally lose the ability to drink
                  | potions when taking damage. [potion of mutation]
  5553 | D:6      | Gained mutation: Your muscles are strong. (Str +4, Int/Dex
                  | -1) [potion of mutation]
  5554 | D:6      | HP: 1/62 [wight/+0 halberd (6)]
  5555 | D:6      | Mangled by a wight

Illustrated notes

Levels and vault maps discovered:
D:1:      eino_arrival_tree_alley, layout_basic,
          hellmonk_ecumenical_altar_leap_of_faith
D:2:      layout_loops_corners, serial_shops, nicolae_shop_peninsula,
          minmay_misc_feat_five
D:3:      layout_loops_ring, slow_altar_2, uniq_robin, uniq_pargi, uniq_sigmund
D:4:      layout_gridville, lemuel_blue_sif_altar, minmay_temple_entry_junction,
          gammafunk_ghost_necromancy
D:5:      layout_layer_cave, ebering_ghost_rock_garden, solitary_fountain,
          kennysheep_doodads, dreamdust_gnoll_farm, uniq_pikel
D:6:      layout_basic, kennysheep_okawaru_gauntlet,
          nicolae_shop_distant_corner_stores, uniq_maggie, uniq_menkaure
Temple:   dpeg_chambers_temple

Skill      XL: |  1  2  3  4  5  6  7  8 |
---------------+-------------------------+-----
Fighting       | 4 5 6 7 8 |  8.1
Maces & Flails | 3 4 5 6 |  6.9
Shields        | 4 5 7 |  7.3
Armour         | |  3.2

Action                     |  1- 3 |  4- 6 |  7- 9 || total
---------------------------+-------+-------+-------++-------
  Melee: Flail             |   112 |   252 |   203 ||   567
    Use: Potion            |       |     1 |     4 ||     5
 Armour: Scale mail        |    44 |   106 |    54 ||   204
  Dodge: Dodged            |    62 |   188 |   181 ||   431
  Block: Buckler           |    21 |    62 |    64 ||   147

Table legend: (Time is in decaauts)
 A = Elapsed time spent in this place.
 B = Non-inter-level travel time spent in this place.
 C = Inter-level travel time spent in this place.
 D = Time resting spent in this place.
 E = Time spent auto-exploring this place.
 F = Levels seen in this place.
 G = Mean time per level.
                   A        B        C        D        E       F      G
               +--------+--------+--------+--------+--------+-----+--------+
         Total |   5676 |   5555 |    121 |    546 |   3289 |   7 |  810.9 |
       Dungeon |   5567 |   5461 |    106 |    546 |   3214 |   6 |  927.8 |
        Temple |    108 |     93 |     15 |      0 |     75 |   1 |  108.0 |
               +--------+--------+--------+--------+--------+-----+--------+

Top non-repeatable levels by time:
     D:5: 1326 daAuts
     D:2: 1113 daAuts
     D:3: 1102 daAuts
     D:4: 962 daAuts
     D:1: 962 daAuts
  Temple: 108 daAuts
     D:6: 100 daAuts
